Map: Ley Lines

Players

yona

  • Race: Zerg Zerg
  • League: Master
  • Spawn Location: 1:00

ManlyManMeat - Winner!

  • Race: Zerg Zerg
  • League: Diamond
  • Spawn Location: 7:00

VOD

Have the link to the VOD?

Description

Time

  • Played on: July 12, 2025, 5:42 p.m.
  • Length: 6:04
Show
View Real Time Build Order
Export as new Build Order

yona Zerg 

Build Orders: Pool First 

Get SALT Encoding   

  12  0:00  Drone  
  13  0:12  Drone  
  14  0:16  Drone, Extractor  
  15  0:31  Spawning Pool  
  15  0:35  Drone, Extractor  
  15  0:47  Overlord  
  15  1:06  Hatchery  
  14  1:12  Drone x2  
  16  1:19  Zergling x2  
  16  1:24  Zergling x2  
  18  1:29  Queen  
  20  1:37  Overlord  
  20  1:47  Extractor  
  20  1:48  Drone  
  20  1:56  Drone  
  21  2:17  Drone x2  
  21  2:30  Queen  
  21  2:32  Drone x3  
  26  2:38  Drone  
  26  2:43  Zergling x2  
  28  2:51  Overlord  
  28  2:57  Drone  
  29  2:59  Drone x2  
  29  3:00  Drone  
  29  3:04  Zergling x4  
  34  3:12  Zergling x2  
  35  3:17  Drone  
  36  3:22  Metabolic Boost  
  36  3:27  Drone x2  
  38  3:55  Evolution Chamber  
  37  3:56  Evolution Chamber  
  37  3:57  Baneling Nest  
  37  4:00  Spine Crawler  
  30  4:11  Zergling x10  
  30  4:12  Zergling x12  
  30  4:29  Drone  
  30  4:30  Drone x4  
  29  4:43  Baneling x2  
  29  4:47  Queen x2  
  35  4:52  Drone x2  
  35  4:53  Drone x3  
  38  5:04  Drone x3  
  32  5:30  Zergling x8  
  32  5:40  Zergling x2  
  31  5:45  Evolution Chamber  
  31  5:49  Spine Crawler  
Show
View Real Time Build Order
Export as new Build Order

ManlyManMeat Zerg - Winner!

Build Orders: Hatch First, Zergling Baneling 

Get SALT Encoding   

  12  0:00  Drone  
  13  0:08  Drone  
  13  0:14  Extractor  
  13  0:15  Drone  
  15  0:21  Overlord  
  15  0:40  Drone  
  16  0:46  Hatchery  
  15  0:50  Drone  
  15  0:53  Drone  
  15  0:57  Drone  
  18  1:07  Extractor  
  17  1:14  Spawning Pool  
  17  1:16  Drone  
  17  1:19  Drone  
  18  1:26  Drone  
  19  1:37  Drone  
  20  1:53  Drone  
  21  2:01  Zergling x2  
  21  2:02  Zergling x2, Queen x2  
  27  2:19  Drone  
  28  2:28  Metabolic Boost  
  28  2:39  Baneling Nest, Overlord  
  27  2:50  Zergling x2  
  27  2:51  Overlord  
  28  3:05  Zergling x6  
  30  3:06  Zergling x2  
  32  3:21  Drone x3  
  32  3:26  Baneling x4  
  35  3:31  Zergling x6  
  38  3:34  Baneling  
  38  3:35  Baneling  
  38  3:39  Baneling  
  38  3:42  Drone x2  
  40  3:55  Zergling x8  
  41  4:11  Zergling x6  
  43  4:18  Overlord x2  
  43  4:26  Overlord x2  
  38  4:41  Baneling x3  
  38  4:44  Zergling x10  
  42  4:48  Baneling x3  
  42  4:52  Baneling  
  42  4:57  Zergling x4  
  42  4:58  Zergling x6  
  46  5:19  Baneling  
  43  5:21  Zergling x2  
  43  5:22  Zergling x8  
  43  5:27  Zergling x12  
  52  5:37  Zergling x4  
Tags
 
Matchup
ZvZ
Race
Zerg
Replay Pack
Myownreplay2
Spawn Locations
Cross Positions
Add a new tag
Caveats
  • Supply blocks, unpowered buildings, or Contaminate may cause inaccurate times.
  • Supply counts are checked every 10 seconds.